 Dungeon Crawl Stone Soup version 0.30-a0-949-g53dc5368d7 (webtiles) character file.

Game seed: 8973704883653151135

21 NotreDorf the Poker (level 2, -5/24 HPs)
             Began as a Merfolk Berserker on Mar 27, 2023.
             Was a Follower of Trog.
             Slain by a goblin
             ... wielding a +0 club
             ... led by Robin
              (6 damage)
             ... on level 1 of the Dungeon.
             The game lasted 00:03:12 (678 turns).

NotreDorf the Poker (Merfolk Berserker)              Turns: 678, Time: 00:03:13

Health: -5/24      AC:  3    Str: 17    XL:     2   Next: 83%
Magic:  2/2        EV: 13    Int:  6    God:    Trog [*.....]
Gold:   84         SH:  0    Dex: 13    Spells: 1/1 levels left

rFire   . . .      SeeInvis .    a - +0 spear
rCold   . . .      Faith    .    (no shield)
rNeg    . . .      Spirit   .    b - +0 animal skin
rPois   .          Reflect  .    (no helmet)
rElec   .          Rampage  .    f - +0 cloak
rCorr   .                        (no gloves)
Will    .....                    (no boots)
Stlth   ++                       (no amulet)
HPRegen 0.24/turn                (no ring)
MPRegen 0.08/turn                (no ring)

@: no status effects
A: (nimble swimmer 2), mertail
a: Renounce Religion, Berserk


You were on level 1 of the Dungeon.
You worshipped Trog.
Trog was aware of your devotion.
You visited 1 branch of the dungeon, and saw 2 of its levels.

You collected 84 gold pieces.

Inventory:

Hand Weapons
 a - a +0 spear (weapon)
Missiles
 c - 5 poisoned darts (quivered)
Armour
 b - a +0 animal skin (worn)
 f - a +0 cloak (worn)
Jewellery
 k - an amulet of magic regeneration
Scrolls
 d - 2 scrolls of identify {unknown}
 e - a scroll of blinking {unknown}
 g - a scroll of amnesia {unknown}
 h - a scroll of teleportation {unknown}
 j - a scroll of torment {unknown}
Potions
 i - a potion of curing {unknown}
 l - a potion of lignification {unknown}


   Skills:
 + Level 3.6 Fighting
 + Level 4.3 Polearms
 - Level 1.3 Armour
 + Level 3.2 Dodging
 + Level 1.2 Stealth


You had one spell level left.
You didn't know any spells.
Your spell library was empty.

Dungeon Overview and Level Annotations

Branches:
Dungeon (2/15)

Altars:

Annotations:
D:1 Robin


Innate Abilities, Weirdness & Mutations

((You are very nimble when in or above water. (Stealth+, EV+, Speed+++)))
Your lower body shifts to a powerful aquatic tail in water.


Message History

Robin attacks as you move away! Robin hits you with a +0 whip.
An endoplasm comes into view.
The goblin shouts!
You hear an angry hiss.
There is a stone staircase leading up here.
You barely miss Robin. You punch Robin.
Robin is lightly wounded.
Robin throws the goblin at you! The endoplasm closely misses you.
The goblin hits you with a +0 club. The goblin misses you.
Robin barely misses you. The endoplasm barely misses you.
The goblin closely misses you. The goblin misses you.
You climb upwards.
There is a stone staircase leading down here.
You hit Robin.
Robin is moderately wounded.
The goblin hits you with a +0 club. Robin throws the goblin at you!
The endoplasm hits you. The goblin barely misses you.
You completely miss Robin.
Robin is moderately wounded.
The goblin hits you with a +0 club.
* * * LOW HITPOINT WARNING * * *
Robin says, "Bow before me, strongest of all the hobgoblins!"
Robin closely misses you. The endoplasm closely misses you.
The goblin hits you but does no damage.
You hit Robin.
Robin is heavily wounded.
The goblin closely misses you.
The endoplasm hits you but does no damage.
The goblin hits you with a +0 club.
* * * LOW HITPOINT WARNING * * *
You barely miss Robin.
Robin is heavily wounded.
The goblin closely misses you. The endoplasm freezes you.
You are frozen.
* * * LOW HITPOINT WARNING * * *
The goblin hits you but does no damage.
You hit Robin.
Robin is almost dead.
The goblin hits you with a +0 club.
You die...

#.............##...##.##.#
#.........######.####.##.#
#.........# ##.####.##.#
#.........# #.)..†..##.#
##.........#####.########.#
#.........###..............
###.........##....#########..
#...........gg..#############
#..........g@J.........##....
#....#########...#####)###...
#....# #####...###.....#...
###### #.........#.....#...
#.........#.....#...
#.....##..#..[..#...
#....######.#.#.####
####.#....†.#.#.....
###....###.###...


You could see Robin, an endoplasm and 2 goblins.

Vanquished Creatures
  3 endoplasms (D:1)
  3 goblins
  4 hobgoblins (D:1)
  A quokka (D:1)
  A ball python (D:1)
  A bat (D:1)
  2 kobolds (D:1)
  4 rats (D:1)
19 creatures vanquished.

Notes
Turn   | Place    | Note
-------+----------+-------------------------------------------
     0 | D:1      | NotreDorf the Merfolk Berserker began the quest for the
                  | Orb.
     0 | D:1      | Reached XP level 1. HP: 18/18 MP: 1/1
   160 | D:1      | Reached XP level 2. HP: 24/24 MP: 2/2
   250 | D:1      | Reached skill level 1 in Stealth
   666 | D:2      | Noticed Robin
   677 | D:1      | HP: 1/24 [frozen (4)]
   678 | D:1      | Slain by a goblin

Illustrated notes

Levels and vault maps discovered:
D:1:      dpeg_arrival_boxorama, layout_basic, kennysheep_minor_cross
D:2:      layout_loops_cross, uniq_robin

Skill      XL: |  1  2 |
---------------+-------+-----
Dodging        | 3 |  3.2
Stealth        | 1 |  1.2
Fighting       | |  3.6
Polearms       | |  4.3
Armour         | |  1.3

Action                     || total
---------------------------++-------
  Melee: Spear             ||    49
         Punch             ||     1
   Stab: Sleeping          ||     2
 Armour: Animal skin       ||    10
  Dodge: Dodged            ||    26

Table legend: (Time is in decaauts)
 A = Elapsed time spent in this place.
 B = Non-inter-level travel time spent in this place.
 C = Inter-level travel time spent in this place.
 D = Time resting spent in this place.
 E = Time spent auto-exploring this place.
 F = Levels seen in this place.
 G = Mean time per level.
                   A        B        C        D        E       F      G
               +--------+--------+--------+--------+--------+-----+--------+
         Total |    672 |    640 |     32 |      0 |    493 |   2 |  336.0 |
       Dungeon |    672 |    640 |     32 |      0 |    493 |   2 |  336.0 |
               +--------+--------+--------+--------+--------+-----+--------+

Top non-repeatable levels by time:
     D:1: 666 daAuts
     D:2: 6 daAuts
